TOP OF THE 1ST |
Columbia Fireflies batting - Pitching for Reading Fightin Phils : RHP Ben Bosley
|
Pitching: RHP Ben Bosley
|
|
Batting: RHB Billy Walker
|
0-0: Foul Ball, location: 2F 0-1: Hit by Pitch
|
Batting: LHB Joey Biber
|
0-0: Ball 1-0: Ball 2-0: Called Strike 2-1: Foul Ball, location: 2F 2-2: Foul Ball, location: 2F 2-2: Strikes out swinging
|
Batting: LHB Roy Riess
|
0-0: Ball 1-0: Fly out, F3 (Line Drive, 3, EV 69.4 MPH)
|
Batting: RHB Jeff MacPhee
|
0-0: Called Strike Pickoff Throw to First - Error! E1 Billy Walker to second 0-1: Ball 1-1: Foul Ball, location: 2F 1-2: Ball 2-2: Strikes out looking
|
Top of the 1st over - 0 runs, 0 hits, 1 error, 1 left on base; Columbia 0 - Reading 0 |
BOTTOM OF THE 1ST |
Reading Fightin Phils batting - Pitching for Columbia Fireflies : RHP Bryan Dorne
|
Pitching: RHP Bryan Dorne
|
|
Batting: RHB Matt Strong
|
0-0: Fly out, F9 (Flyball, 9S, EV 93.8 MPH)
|
Batting: LHB Danny Hill
|
0-0: Foul Ball, location: 2F 0-1: Foul Ball, location: 2F 0-2: SINGLE (Line Drive, 4D, EV 94.4 MPH)
|
Batting: RHB Austin Wiebe
|
0-0: SINGLE (Flyball, 56D, EV 89.4 MPH) Danny Hill to second
|
Batting: LHB Chris Fandino
|
0-0: Hit by Pitch Danny Hill to third Austin Wiebe to second
|
Batting: RHB Mike Narciso
|
0-0: Called Strike 0-1: Ball 1-1: SINGLE (Groundball, 6S, EV 71.9 MPH) (infield hit) Danny Hill scores Austin Wiebe to third Chris Fandino to second
|
Batting: LHB Darrell Ortega
|
0-0: SINGLE (Groundball, 3D, EV 94.4 MPH) Austin Wiebe scores Chris Fandino to third Mike Narciso to second
|
Batting: RHB Kory Sanchez
|
0-0: Ball 1-0: GRAND SLAM HOME RUN (Flyball, 7D, EV 94.4 MPH), Distance : 364 ft
|
Batting: RHB Fletcher Easter
|
0-0: Called Strike 0-1: Ground out 5-3 (Groundball, 56S, EV 81.3 MPH)
|
Batting: RHB Gary Hills
|
0-0: Called Strike 0-1: Called Strike 0-2: Ball 1-2: Foul Ball, location: 2F 1-2: Foul Ball, location: 2F 1-2: Fly out, F4 (Popup, 34S, EV 82.5 MPH)
|
Bottom of the 1st over - 6 runs, 5 hits, 0 errors, 0 left on base; Columbia 0 - Reading 6 |
TOP OF THE 2ND |
Columbia Fireflies batting - Pitching for Reading Fightin Phils : RHP Ben Bosley
|
Batting: LHB Pete DeHart
|
0-0: Ball 1-0: Foul Ball, location: 2F 1-1: Foul Ball, location: 2F 1-2: Hit by Pitch
|
Batting: RHB Bobby Campbell
|
0-0: Ball 1-0: Fly out, F6 (Popup, 6M, EV 76.9 MPH)
|
Batting: RHB Jonathan Jelich
|
0-0: Ball 1-0: Ball 2-0: Called Strike 2-1: Ball 3-1: Called Strike 3-2: Foul Ball, location: 2F 3-2: Foul Ball, location: 2F 3-2: Base on Balls Pete DeHart to second
|
Batting: RHB Mike Phillips
|
0-0: Ball 1-0: Foul Ball, location: 2F 1-1: Ball 2-1: Swinging Strike 2-2: Foul Ball, location: 2F 2-2: Ball 3-2: Strikes out swinging
|
Batting: RHB Ricky Trejo
|
0-0: Foul Ball, location: 2F 0-1: Ball 1-1: Called Strike 1-2: Strikes out looking
|
Top of the 2nd over - 0 runs, 0 hits, 0 errors, 2 left on base; Columbia 0 - Reading 6 |
BOTTOM OF THE 2ND |
Reading Fightin Phils batting - Pitching for Columbia Fireflies : RHP Bryan Dorne
|
Batting: RHB Matt Strong
|
0-0: Called Strike 0-1: Ball 1-1: Ground out 1-3 (Groundball, 15S, EV 69.4 MPH)
|
Batting: LHB Danny Hill
|
0-0: Ball 1-0: Foul Ball, location: 2F 1-1: Called Strike 1-2: Ball 2-2: Fly out, F9 (Flyball, 9, EV 80.0 MPH)
|
Batting: RHB Austin Wiebe
|
0-0: Called Strike 0-1: Foul Ball, location: 2F 0-2: Ball 1-2: Ball 2-2: Ground out 6-3 (Groundball, 6, EV 108.1 MPH)
|
Bottom of the 2nd over - 0 runs, 0 hits, 0 errors, 0 left on base; Columbia 0 - Reading 6 |
TOP OF THE 3RD |
Columbia Fireflies batting - Pitching for Reading Fightin Phils : RHP Ben Bosley
|
Batting: RHB Billy Walker
|
0-0: Called Strike 0-1: Swinging Strike 0-2: Ball 1-2: Ball 2-2: Fly out, F8 (Flyball, 78M, EV 87.5 MPH)
|
Batting: LHB Joey Biber
|
0-0: Called Strike 0-1: Called Strike 0-2: Foul Ball, location: 2F 0-2: Ball 1-2: Foul Ball, location: 2F 1-2: Ball 2-2: Ball 3-2: Ground out 5-3 (Groundball, 56, EV 78.8 MPH)
|
Batting: LHB Roy Riess
|
0-0: Swinging Strike 0-1: Swinging Strike 0-2: Ball 1-2: Fly out, F6 (Line Drive, 6, EV 63.1 MPH)
|
Top of the 3rd over - 0 runs, 0 hits, 0 errors, 0 left on base; Columbia 0 - Reading 6 |
BOTTOM OF THE 3RD |
Reading Fightin Phils batting - Pitching for Columbia Fireflies : RHP Bryan Dorne
|
Batting: LHB Chris Fandino
|
0-0: Ball 1-0: Called Strike 1-1: Ball 2-1: Foul Ball, location: 2F 2-2: Fly out, F8 (Flyball, 89XD, EV 98.8 MPH)
|
Batting: RHB Mike Narciso
|
0-0: Ball 1-0: Called Strike 1-1: Swinging Strike 1-2: SINGLE (Groundball, 5D, EV 103.8 MPH)
|
Pitching: RHP Bruce Charles
|
|
Batting: LHB Darrell Ortega
|
0-0: Grounds into double play, 4-6-3 (Groundball, 4, EV 76.9 MPH)
|
Bottom of the 3rd over - 0 runs, 1 hit, 0 errors, 0 left on base; Columbia 0 - Reading 6 |
TOP OF THE 4TH |
Columbia Fireflies batting - Pitching for Reading Fightin Phils : RHP Ben Bosley
|
Batting: RHB Jeff MacPhee
|
0-0: Swinging Strike 0-1: Ball 1-1: Foul Ball, location: 2F 1-2: Strikes out looking
|
Batting: LHB Pete DeHart
|
0-0: SINGLE (Line Drive, 5D, EV 95.0 MPH)
|
Batting: RHB Bobby Campbell
|
0-0: Ball 1-0: Ball 2-0: Ball 3-0: Called Strike 3-1: DOUBLE (Line Drive, 7LS, EV 110.0 MPH) Pete DeHart to third
|
Batting: RHB Jonathan Jelich
|
0-0: Ball 1-0: Ground out 5-3 (Groundball, 5, EV 78.1 MPH)
|
Batting: RHB Mike Phillips
|
0-0: Ball 1-0: Fly out, F8 (Flyball, 8LD, EV 100.0 MPH)
|
Top of the 4th over - 0 runs, 2 hits, 0 errors, 2 left on base; Columbia 0 - Reading 6 |
BOTTOM OF THE 4TH |
Reading Fightin Phils batting - Pitching for Columbia Fireflies : RHP Bruce Charles
|
Batting: RHB Kory Sanchez
|
0-0: Ball 1-0: Ball 2-0: Swinging Strike 2-1: Ball 3-1: Base on Balls
|
Batting: RHB Fletcher Easter
|
0-0: Swinging Strike 0-1: Called Strike 0-2: Ball 1-2: Strikes out swinging
|
Batting: RHB Gary Hills
|
0-0: Fly out, F8 (Line Drive, 8LD, EV 104.4 MPH)
|
Batting: RHB Matt Strong
|
0-0: Called Strike 0-1: Swinging Strike 0-2: Ball 1-2: Ball 2-2: Ball 3-2: 2-RUN HOME RUN (Flyball, 9LD, EV 95.6 MPH), Distance : 352 ft
|
Batting: LHB Danny Hill
|
0-0: Ball 1-0: Called Strike 1-1: Foul Ball, location: 2F 1-2: Ball 2-2: Ball 3-2: Strikes out swinging
|
Bottom of the 4th over - 2 runs, 1 hit, 0 errors, 0 left on base; Columbia 0 - Reading 8 |
TOP OF THE 5TH |
Columbia Fireflies batting - Pitching for Reading Fightin Phils : RHP Ben Bosley
|
Batting: RHB Ricky Trejo
|
0-0: SINGLE (Flyball, 89M, EV 95.6 MPH)
|
Batting: RHB Billy Walker
|
0-0: Foul Ball, location: 2F 0-1: Fly out, F8 (Flyball, 78D, EV 103.8 MPH)
|
Batting: LHB Joey Biber
|
0-0: Called Strike 0-1: Ball 1-1: Called Strike 1-2: Hit by Pitch Ricky Trejo to second
|
Batting: LHB Roy Riess
|
0-0: Foul Ball, location: 2F 0-1: Foul Ball, location: 2F 0-2: Strikes out swinging
|
Batting: RHB Jeff MacPhee
|
0-0: Called Strike 0-1: Ball 1-1: Swinging Strike 1-2: Strikes out looking
|
Top of the 5th over - 0 runs, 1 hit, 0 errors, 2 left on base; Columbia 0 - Reading 8 |
BOTTOM OF THE 5TH |
Reading Fightin Phils batting - Pitching for Columbia Fireflies : RHP Bruce Charles
|
Batting: RHB Austin Wiebe
|
0-0: Ball 1-0: Swinging Strike 1-1: Ball 2-1: DOUBLE (Line Drive, 78M, EV 103.8 MPH)
|
Batting: LHB Chris Fandino
|
0-0: Ball 1-0: Foul Ball, location: 2F 1-1: Ball 2-1: Foul Ball, location: 2F 2-2: Ball 3-2: Foul Ball, location: 2F 3-2: Ground out U3 (Groundball, 3, EV 107.5 MPH) Austin Wiebe to third
|
Batting: RHB Mike Narciso
|
0-0: Ball 1-0: Ball 2-0: Called Strike 2-1: Foul Ball, location: 2F 2-2: Foul Ball, location: 2F 2-2: Ball 3-2: Foul Ball, location: 2F 3-2: Reached on error, E5 (Groundball, 56S, EV 85.0 MPH) Austin Wiebe scores
|
Pitching: LHP Brad Harris
|
|
Batting: LHB Darrell Ortega
|
0-0: Called Strike 0-1: Foul Ball, location: 2F 0-2: Ball 1-2: Ball 2-2: Strikes out swinging
|
Batting: RHB Kory Sanchez
|
0-0: DOUBLE (Line Drive, 9LS, EV 105.6 MPH) Mike Narciso to third Runner from 3rd tries for Home, SAFE, throw by RF to home
|
Batting: RHB Fletcher Easter
|
0-0: Reached on error, E5 (Groundball, 56, EV 94.4 MPH) Kory Sanchez scores
|
Batting: RHB Gary Hills
|
0-0: Ground out 5-3 (Groundball, 5, EV 93.1 MPH)
|
Bottom of the 5th over - 3 runs, 2 hits, 2 errors, 1 left on base; Columbia 0 - Reading 11 |
TOP OF THE 6TH |
Columbia Fireflies batting - Pitching for Reading Fightin Phils : RHP Ben Bosley
|
Batting: LHB Pete DeHart
|
0-0: Called Strike 0-1: Fly out, F8 (Line Drive, 8LD, EV 88.8 MPH)
|
Batting: RHB Bobby Campbell
|
0-0: Ball 1-0: Foul Ball, location: 2F 1-1: Swinging Strike 1-2: Foul Ball, location: 2F 1-2: Foul Ball, location: 2F 1-2: Ball 2-2: SOLO HOME RUN (Flyball, 7D, EV 93.1 MPH), Distance : 353 ft
|
Batting: RHB Jonathan Jelich
|
0-0: Ball 1-0: Ball 2-0: Called Strike 2-1: Foul Ball, location: 2F 2-2: Fly out, F6 (Line Drive, 6, EV 70.6 MPH)
|
Pitching: RHP Mike Pickens
|
|
Batting: RHB Mike Phillips
|
0-0: Ball 1-0: Called Strike 1-1: Swinging Strike 1-2: SINGLE (Groundball, 6D, EV 100.0 MPH)
|
Batting: RHB Ricky Trejo
|
0-0: Fielders Choice at 2nd, 6-4 (Groundball, 56, EV 89.4 MPH)
|
Top of the 6th over - 1 run, 2 hits, 0 errors, 1 left on base; Columbia 1 - Reading 11 |
BOTTOM OF THE 6TH |
Reading Fightin Phils batting - Pitching for Columbia Fireflies : LHP Brad Harris
|
Batting: RHB Matt Strong
|
0-0: Ball 1-0: Swinging Strike 1-1: Ball 2-1: Fly out, F8 (Flyball, 89S, EV 87.5 MPH)
|
Batting: LHB Danny Hill
|
0-0: Called Strike 0-1: Ball 1-1: Foul Ball, location: 2F 1-2: Fly out, F8 (Line Drive, 8RM, EV 95.6 MPH)
|
Batting: RHB Austin Wiebe
|
0-0: Ball 1-0: Ball 2-0: Ball 3-0: Base on Balls
|
Batting: LHB Chris Fandino
|
0-0: Called Strike 0-1: Ball 1-1: Called Strike 1-2: Foul Ball, location: 2F 1-2: Ball 2-2: Ball 3-2: Foul Ball, location: 2F 3-2: Foul Ball, location: 2F 3-2: Strikes out looking
|
Bottom of the 6th over - 0 runs, 0 hits, 0 errors, 1 left on base; Columbia 1 - Reading 11 |
TOP OF THE 7TH |
Columbia Fireflies batting - Pitching for Reading Fightin Phils : RHP Mike Pickens
|
Pinch Hitting: RHB Jose Copado
|
0-0: Ball 1-0: Foul Ball, location: 2F 1-1: Foul Ball, location: 2F 1-2: Ball 2-2: SINGLE (Groundball, 56, EV 99.4 MPH) (infield hit)
|
Batting: LHB Joey Biber
|
0-0: Ball 1-0: Swinging Strike 1-1: Fly out, F7 (Flyball, 7D, EV 101.3 MPH)
|
Batting: LHB Roy Riess
|
0-0: Fly out, F8 (Flyball, 8LM, EV 81.9 MPH)
|
Pinch Hitting: RHB Seth Daniel
|
0-0: Called Strike Jose Copado steals 2nd, throwing error, E2 Jose Copado to third 0-1: Ball 1-1: Called Strike 1-2: Foul Ball, location: 2F 1-2: Strikes out looking
|
Top of the 7th over - 0 runs, 1 hit, 1 error, 1 left on base; Columbia 1 - Reading 11 |
BOTTOM OF THE 7TH |
Reading Fightin Phils batting - Pitching for Columbia Fireflies : LHP Brad Harris
|
Now at 1B: Tony Santiago
|
|
Now in LF: Seth Daniel
|
|
Now in RF: Joey Biber
|
|
Pinch Hitting: RHB Zach Downs
|
0-0: Called Strike 0-1: Ball 1-1: SINGLE (Line Drive, 56D, EV 106.3 MPH)
|
Pitching: RHP Battista Aldobrandini
|
|
Batting: LHB Darrell Ortega
|
0-0: Ball 1-0: Swinging Strike 1-1: Foul Ball, location: 2F 1-2: Ground out 6-3 (Groundball, 6S, EV 68.8 MPH) Zach Downs to second
|
Batting: RHB Kory Sanchez
|
0-0: Ball 1-0: Ball 2-0: Ball 3-0: Called Strike 3-1: Ground out 6-3 (Groundball, 6M, EV 90.6 MPH) Zach Downs to third
|
Batting: RHB Fletcher Easter
|
0-0: Called Strike 0-1: Ground out U3 (Groundball, 3S, EV 73.1 MPH)
|
Bottom of the 7th over - 0 runs, 1 hit, 0 errors, 1 left on base; Columbia 1 - Reading 11 |
TOP OF THE 8TH |
Columbia Fireflies batting - Pitching for Reading Fightin Phils : RHP Mike Pickens
|
Now at 1B: Zach Downs
|
|
Pinch Hitting: LHB Chris Carter
|
0-0: Foul Ball, location: 2F 0-1: Foul Ball, location: 2F 0-2: Fly out, F8 (Line Drive, 8RD, EV 107.5 MPH)
|
Pinch Hitting: RHB Bobby Mabrey
|
0-0: Called Strike 0-1: Fly out, F7 (Flyball, 78M, EV 92.5 MPH)
|
Batting: RHB Jonathan Jelich
|
0-0: Ball 1-0: Ball 2-0: Foul Ball, location: 2F 2-1: Ground out 5-3 (Groundball, 56, EV 87.5 MPH)
|
Top of the 8th over - 0 runs, 0 hits, 0 errors, 0 left on base; Columbia 1 - Reading 11 |
BOTTOM OF THE 8TH |
Reading Fightin Phils batting - Pitching for Columbia Fireflies : RHP Battista Aldobrandini
|
Now at 3B: Bobby Mabrey
|
|
Now in LF: Chris Carter
|
|
Now in CF: Seth Daniel
|
|
Batting: RHB Gary Hills
|
0-0: Foul Ball, location: 2F 0-1: Hit by Pitch
|
Batting: RHB Matt Strong
|
0-0: Ball 1-0: Ball 2-0: Fly out, F8 (Line Drive, 8RM, EV 100.6 MPH)
|
Batting: LHB Danny Hill
|
0-0: Called Strike 0-1: Swinging Strike 0-2: Ball 1-2: Ball 2-2: Foul Ball, location: 2F 2-2: Ball 3-2: Fly out, F4 (Popup, 4MD, EV 66.9 MPH)
|
Batting: RHB Austin Wiebe
|
0-0: Swinging Strike 0-1: Ball 1-1: Ball 2-1: Fielders Choice at 2nd, 6-4 (Groundball, 6, EV 86.9 MPH)
|
Bottom of the 8th over - 0 runs, 0 hits, 0 errors, 1 left on base; Columbia 1 - Reading 11 |
TOP OF THE 9TH |
Columbia Fireflies batting - Pitching for Reading Fightin Phils : RHP Mike Pickens
|
Pinch Hitting: RHB Omar Gonzalez
|
0-0: Called Strike 0-1: Ball 1-1: Ball 2-1: Ball 3-1: Foul Ball, location: 2F 3-2: Strikes out swinging
|
Batting: RHB Ricky Trejo
|
0-0: SINGLE (Groundball, 34D, EV 99.4 MPH)
|
Batting: LHB Tony Santiago
|
0-0: Called Strike 0-1: Fly out, F5 (Popup, 56S, EV 84.4 MPH)
|
Pinch Hitting: RHB Eddie Mitchell
|
0-0: Ball 1-0: Foul Ball, location: 2F 1-1: Fly out, F7 (Flyball, 78D, EV 98.8 MPH)
|
Top of the 9th over - 0 runs, 1 hit, 0 errors, 1 left on base; Columbia 1 - Reading 11 |
|